[Event "ICCopen2017"]
[Site "Internet Chess Club"]
[Date "2017.03.25"]
[Round "1"]
[White "fisek2007"]
[Black "StevieMcStiefel"]
[Result "1-0"]
[ICCResult "Black checkmated"]
[WhiteElo "2309"]
[BlackElo "1604"]
[Opening "Grünfeld: Spassky variation, main line, 10...cd, 11.cd"]
[ECO "D88"]
[NIC "GI.06"]
[Time "14:04:05"]
[TimeControl "180+0"]

1. c4 Nf6 2. Nc3 d5 3. cxd5 Nxd5 4. d4 g6 5. e4 Nxc3 6. bxc3 Bg7 7. Bc4 O-O
8. Ne2 c5 9. O-O Nc6 10. Be3 cxd4 11. cxd4 Na5 12. Bd3 b6 13. Rc1 Be6 14. d5
Bd7 15. Bd4 Qe8 16. Bxg7 Kxg7 17. Qd2 Bb5 18. Rc7 Bxd3 19. Qxd3 Qd8 20. Rfc1
Qd6 21. h4 e5 22. h5 Rfd8 23. Qh3 Qf6 24. h6+ Kg8 25. Qc3 Qd6 26. f4 Re8 27.
Ng3 exf4 28. Qg7# {Black checkmated} 1-0

[Event "ICCopen2017"]
[Site "Internet Chess Club"]
[Date "2017.03.25"]
[Round "1"]
[White "beaupre"]
[Black "charlestehace"]
[Result "0-1"]
[ICCResult "White checkmated"]
[WhiteElo "1752"]
[BlackElo "3133"]
[Opening "Sicilian: Grand Prix attack"]
[ECO "B23"]
[NIC "SI.44"]
[Time "14:04:24"]
[TimeControl "180+0"]

1. e4 c5 2. Nc3 Nc6 3. f4 g6 4. Nf3 Bg7 5. Bb5 Nd4 6. O-O e6 7. Nxd4 cxd4 8.
Ne2 Ne7 9. Bd3 O-O 10. c3 dxc3 11. bxc3 f5 12. Rb1 b6 13. Ba3 Rf7 14. Bd6
Bb7 15. Ng3 Nc8 16. Be5 Bxe5 17. fxe5 Qg5 18. exf5 gxf5 19. Qh5 Qg7 20. Rf2
Ne7 21. Rb4 Qxe5 22. Rh4 Ng6 23. Qg5 Qf6 24. Qxf6 Rxf6 25. Rd4 Rf7 26. Bc4
Raf8 27. a4 Kh8 28. Bb3 Bc6 29. Rh4 Nxh4 30. Nh5 Rg8 31. g3 Nf3+ 32. Kf1 Ne5
33. Nf4 Ng4 34. Re2 Rf6 35. Nh5 Rh6 36. Nf4 Nxh2+ 37. Kg1 Ng4 38. Kf1 Rh1#
{White checkmated}
0-1

[Event "ICCopen2017"]
[Site "Internet Chess Club"]
[Date "2017.03.25"]
[Round "1"]
[White "Sam08"]
[Black "kentaur"]
[Result "1-0"]
[ICCResult "Black resigns"]
[WhiteElo "2444"]
[BlackElo "1635"]
[Opening "Robatsch (modern) defense"]
[ECO "B06"]
[NIC "KF.05"]
[Time "14:04:14"]
[TimeControl "180+0"]

1. e4 g6 2. d4 Bg7 3. Nc3 d6 4. Be3 Nc6 5. d5 Nb8 6. Qd2 e5 7. O-O-O Ne7 8.
f3 O-O 9. h4 f5 10. Bh6 f4 11. Bxg7 Kxg7 12. Nge2 Nd7 13. h5 Nf6 14. hxg6
hxg6 15. g3 Nh5 16. Rxh5 gxh5 17. gxf4 exf4 18. Nxf4 Rh8 19. Qd4+ Kh6 20.
Qf6+ Kh7 21. Qf7+ Kh6 22. Bd3 Rh7 23. Qf6+ {Black resigns} 1-0

[Event "ICCopen2017"]
[Site "Internet Chess Club"]
[Date "2017.03.25"]
[Round "1"]
[White "Persi"]
[Black "skewerd"]
[Result "0-1"]
[ICCResult "White resigns"]
[WhiteElo "1219"]
[BlackElo "1812"]
[Opening "Sicilian: Taimanov (Bastrikov) variation"]
[ECO "B47"]
[NIC "SI.40"]
[Time "14:04:15"]
[TimeControl "180+0"]

1. e4 c5 2. Nf3 e6 3. d4 cxd4 4. Nxd4 Nc6 5. Nc3 Qc7 6. Be2 a6 7. O-O Nf6 8.
Nxc6 bxc6 9. Be3 d5 10. exd5 cxd5 11. f4 Bd6 12. Qd4 O-O 13. Qb6 Qxb6 14.
Bxb6 Rb8 15. Na4 Bd7 16. Bc5 Bxc5+ 17. Nxc5 Rxb2 18. Bd3 Bb5 19. Bxb5 axb5
20. Rfb1 Rxc2 21. Rxb5 Rc8 22. Nb7 Ne4 23. h3 h5 24. a4 h4 25. a5 Rc1+ 26.
Rxc1 Rxc1+ 27. Kh2 Ng3 {White resigns} 0-1

[Event "ICCopen2017"]
[Site "Internet Chess Club"]
[Date "2017.03.25"]
[Round "1"]
[White "trucker"]
[Black "sacov"]
[Result "0-1"]
[ICCResult "White forfeits on time"]
[WhiteElo "1505"]
[BlackElo "2110"]
[Opening "Scandinavian: Marshall variation"]
[ECO "B01"]
[NIC "SD.03"]
[Time "14:03:31"]
[TimeControl "180+0"]

1. e4 d5 2. exd5 Nf6 3. d4 Nxd5 4. c4 Nb6 5. Nc3 e5 6. Nf3 exd4 7. Qxd4 Qxd4
8. Nxd4 Nc6 9. Ndb5 Bd6 10. Nxd6+ cxd6 11. Bf4 Be6 12. b3 Nb4 13. O-O-O d5
14. Bd6 a5 15. cxd5 N4xd5 16. Bb5+ Kd8 17. Nxd5 Nxd5 18. Kb2 Rc8 19. g3 h5
20. f4 g6 21. Rhe1 h4 22. Be5 Rh5 23. Bf6+ Kc7 24. Rc1+ Kb6 25. a4 Nxf6
{White forfeits on time}
0-1

[Event "ICCopen2017"]
[Site "Internet Chess Club"]
[Date "2017.03.25"]
[Round "1"]
[White "marcos610"]
[Black "A4-H5"]
[Result "0-1"]
[ICCResult "White forfeits on time"]
[WhiteElo "1166"]
[BlackElo "1808"]
[Opening "Sicilian defense"]
[ECO "B33"]
[NIC "SI.32"]
[Time "14:03:35"]
[TimeControl "180+0"]

1. e4 c5 2. Nf3 Nc6 3. d4 cxd4 4. Nxd4 Nf6 5. Nxc6 bxc6 6. Nc3 d6 7. Bd2 g6
8. Bd3 Bg7 9. O-O O-O 10. Qc1 Re8 11. Bh6 Bh8 12. Rd1 Ng4 13. Bf4 Rb8 14.
Rb1 Qa5 15. Bd2 Qb6 16. Rf1 Qc7 17. h3 Ne5 18. Be2 Be6 19. Kh1 Bc4 20. f4
Bxe2 21. Nxe2 Nc4 22. Bc3 Bxc3 23. Nxc3 Qa5 24. f5 Nxb2 25. Rxb2 Qxc3 26.
Rxb8 Rxb8 27. fxg6 hxg6 28. Qf4 Qg7 29. Qe3 Rb7 30. Qg3 c5 31. Qg4 Rc7 32.
Qg5 f6 33. Qd5+ Qf7 34. Qa8+ Kg7 35. Rf4 g5 {White forfeits on time} 0-1

[Event "ICCopen2017"]
[Site "Internet Chess Club"]
[Date "2017.03.25"]
[Round "1"]
[White "padrino"]
[Black "Irenaeus"]
[Result "1-0"]
[ICCResult "Black resigns"]
[WhiteElo "2721"]
[BlackElo "1709"]
[Opening "King's Indian, 3.Nf3"]
[ECO "E60"]
[NIC "KI.80"]
[Time "14:04:47"]
[TimeControl "180+0"]

1. d4 Nf6 2. c4 g6 3. Nf3 Bg7 4. g3 c6 5. Bg2 d5 6. Qb3 O-O 7. Nc3 dxc4 8.
Qxc4 Be6 9. Qd3 Na6 10. a3 c5 11. Ng5 cxd4 12. Nxe6 fxe6 13. Nb5 Nc5 14. Qc4
Rc8 15. O-O a6 16. Na7 b5 17. Qa2 Rc7 18. Nc6 Qd6 19. Bf4 Qd7 20. Bxc7 Qxc7
21. Rac1 {Black resigns} 1-0

[Event "ICCopen2017"]
[Site "Internet Chess Club"]
[Date "2017.03.25"]
[Round "1"]
[White "Ososul"]
[Black "cool64chess"]
[Result "0-1"]
[ICCResult "White checkmated"]
[WhiteElo "1561"]
[BlackElo "2123"]
[Opening "French: Winawer, advance, poisoned pawn, Konstantinopolsky variation"]
[ECO "C18"]
[NIC "FR.11"]
[Time "14:03:54"]
[TimeControl "180+0"]

1. e4 e6 2. d4 d5 3. Nc3 Bb4 4. e5 c5 5. a3 Bxc3+ 6. bxc3 Qc7 7. Qg4 Ne7 8.
Qxg7 Rg8 9. Qxh7 cxd4 10. Ne2 dxc3 11. f4 Nbc6 12. Rb1 Bd7 13. Qd3 d4 14.
Nxd4 Nxd4 15. Qxd4 Nf5 16. Qd3 Rd8 17. Qe2 Nd4 18. Qf2 Bc6 19. Be3 Nf5 20.
Bxa7 Qd7 21. Bd3 Rxg2 22. Qc5 Rxc2 23. Rg1 Qxd3 24. Rg8+ Kd7 25. Rxd8+ Kxd8
26. Bb6+ Kd7 27. Rd1 Re2+ 28. Kf1 Qxd1# {White checkmated} 0-1

[Event "ICCopen2017"]
[Site "Internet Chess Club"]
[Date "2017.03.25"]
[Round "1"]
[White "thxgg"]
[Black "StaggerLee"]
[Result "1-0"]
[ICCResult "Black forfeits on time"]
[WhiteElo "1889"]
[BlackElo "1362"]
[Opening "Budapest: Alekhine, Abonyi variation"]
[ECO "A52"]
[NIC "QG.01"]
[Time "14:03:15"]
[TimeControl "180+0"]

1. d4 Nf6 2. c4 e5 3. dxe5 Ng4 4. e4 Nxe5 5. f4 Nec6 6. Be3 Bb4+ 7. Nc3 Qe7
8. Bd3 O-O 9. Ne2 d6 10. O-O Bxc3 11. Nxc3 Nd7 12. Nd5 Qd8 13. b4 Ne7 14.
Bd4 c6 15. Ne3 Re8 16. Ng4 Ng6 17. Qf3 Rf8 18. Rad1 Nh4 19. Qg3 Ng6 20. Bb2
Qb6+ 21. Kh1 Qxb4 22. Ba1 Qc5 23. h4 Qh5 24. f5 Qxh4+ 25. Qxh4 Nxh4 26. f6
gxf6 27. Nxf6+ Nxf6 28. Bxf6 Ng6 29. Be2 Re8 30. Bf3 Be6 31. Rxd6 Rad8 32.
Rfd1 Rxd6 33. Rxd6 Rb8 34. c5 Nf4 35. e5 Nd5 36. Bxd5 Bxd5 37. a3 b6 38.
cxb6 {Black forfeits on time} 1-0

[Event "ICCopen2017"]
[Site "Internet Chess Club"]
[Date "2017.03.25"]
[Round "1"]
[White "Papasha"]
[Black "Renos"]
[Result "1-0"]
[ICCResult "Black resigns"]
[WhiteElo "2520"]
[BlackElo "1668"]
[Opening "French: Winawer, classical variation"]
[ECO "C18"]
[NIC "FR.11"]
[Time "14:05:03"]
[TimeControl "180+0"]

1. e4 e6 2. d4 d5 3. Nc3 Bb4 4. e5 c5 5. a3 Bxc3+ 6. bxc3 Qc7 7. Nf3 Ne7 8.
a4 Nbc6 9. Bd3 cxd4 10. cxd4 Nxd4 11. O-O Ndc6 12. Ba3 Bd7 13. Bd6 Qa5 14.
Ng5 h6 15. Qh5 O-O 16. Nh3 f6 17. f4 fxe5 18. fxe5 Qc3 19. Kh1 Rxf1+ 20.
Rxf1 Rf8 21. Rxf8+ Kxf8 22. Qf3+ Kg8 23. Bh7+ {Black resigns} 1-0

[Event "ICCopen2017"]
[Site "Internet Chess Club"]
[Date "2017.03.25"]
[Round "1"]
[White "wolfja"]
[Black "mkayem1"]
[Result "0-1"]
[ICCResult "White checkmated"]
[WhiteElo "1488"]
[BlackElo "2059"]
[Opening "Benko's opening"]
[ECO "A00"]
[NIC "VO.09"]
[Time "14:04:22"]
[TimeControl "180+0"]

1. g3 d5 2. Bg2 Nf6 3. b3 e5 4. Bb2 Bd6 5. d4 e4 6. e3 h5 7. Nc3 h4 8. Nge2
h3 9. Bf1 Bg4 10. Qd2 Bf3 11. Rg1 c6 12. O-O-O Nbd7 13. Kb1 Ng4 14. Nf4 Bxd1
15. Qxd1 Nxh2 16. Bxh3 Nf3 17. Rh1 Rf8 18. Bg4 Ng5 19. Nh5 Rg8 20. Ne2 Qe7
21. Nef4 g6 22. Bxd7+ Kxd7 23. Qg4+ Kc7 24. c4 gxh5 25. Rxh5 Nf3 26. Qh3
Bxf4 27. gxf4 Rg1+ 28. Kc2 Qb4 29. Bc3 Rc1+ 30. Kxc1 Qxc3+ 31. Kb1 Nd2#
{White checkmated}
0-1

[Event "ICCopen2017"]
[Site "Internet Chess Club"]
[Date "2017.03.25"]
[Round "1"]
[White "DarthVadar"]
[Black "icewoman"]
[Result "1-0"]
[ICCResult "Black checkmated"]
[WhiteElo "1792"]
[BlackElo "1087"]
[Opening "Philidor: Improved Hanham variation"]
[ECO "B07"]
[NIC "PU.08"]
[Time "14:03:26"]
[TimeControl "180+0"]

1. e4 d6 2. d4 Nf6 3. Nc3 Nbd7 4. Nf3 e5 5. Bc4 c6 6. dxe5 Nxe5 7. Nxe5 dxe5
8. Bxf7+ Ke7 9. Qxd8+ Kxd8 10. Bg5 Be7 11. O-O-O+ Kc7 12. f3 Bd7 13. Bb3
Rad8 14. Rd2 Be6 15. Bxe6 Rxd2 16. Bxd2 Kd6 17. Bb3 Rd8 18. Be3 Kc7 19. Rd1
h6 20. Rxd8 Bxd8 21. f4 Ng4 22. Kd2 Nxh2 23. fxe5 Ng4 24. Bf4 Nf2 25. e6+
Kb6 26. Be3+ Kc7 27. Bxf2 Bg5+ 28. Be3 Bxe3+ 29. Kxe3 g5 30. Kd4 Kd6 31. e5+
Ke7 32. Ne4 b6 33. Nd6 c5+ 34. Kd5 b5 35. Nf5+ Kf8 36. e7+ Ke8 37. Ke6 c4
38. Nd6# {Black checkmated} 1-0

[Event "ICCopen2017"]
[Site "Internet Chess Club"]
[Date "2017.03.25"]
[Round "1"]
[White "ArchieGoodwin"]
[Black "wolfshead"]
[Result "1-0"]
[ICCResult "Black resigns"]
[WhiteElo "2589"]
[BlackElo "1675"]
[Opening "Ruy Lopez: closed, Chigorin, 12...Nc6"]
[ECO "C98"]
[NIC "RL.24"]
[Time "14:04:21"]
[TimeControl "180+0"]

1. e4 e5 2. Nf3 Nc6 3. Bb5 a6 4. Ba4 Nf6 5. O-O Be7 6. Re1 b5 7. Bb3 d6 8.
c3 O-O 9. h3 Na5 10. Bc2 c5 11. d4 Qc7 12. Nbd2 Nc6 13. d5 Nd8 14. Nf1 Ne8
15. Ng3 f6 16. a4 Rb8 17. axb5 axb5 18. b4 g6 19. Be3 Ng7 20. bxc5 dxc5 21.
c4 b4 22. Nd2 f5 23. exf5 gxf5 24. Bh6 e4 25. Ne2 Bf6 26. Rb1 Nf7 27. Bf4
Be5 28. g3 Nh5 29. Be3 f4 30. gxf4 Nxf4 31. Nxf4 Bxf4 32. Nxe4 Bxh3 33. Qh5
{Black resigns}
1-0

[Event "ICCopen2017"]
[Site "Internet Chess Club"]
[Date "2017.03.25"]
[Round "1"]
[White "Theunrock"]
[Black "Templar-Assasin"]
[Result "0-1"]
[ICCResult "White forfeits on time"]
[WhiteElo "1681"]
[BlackElo "2613"]
[Opening "Dunst (Sleipner,Heinrichsen) opening"]
[ECO "A00"]
[NIC "VO.15"]
[Time "14:03:48"]
[TimeControl "180+0"]

1. Nc3 e5 2. d3 d5 3. f4 exf4 4. Bxf4 Nf6 5. Nf3 Bd6 6. Bg5 c6 7. g3 h6 8.
Bd2 O-O 9. Bg2 Bg4 10. h3 Bxf3 11. Bxf3 Bxg3+ 12. Kf1 Nbd7 13. Kg2 Bd6 14.
Rg1 Ne5 15. Qf1 Qd7 16. Qf2 Ng6 17. e4 Rae8 18. Rae1 dxe4 19. Nxe4 Nd5 20.
Nxd6 Qxd6 21. Qg3 Ndf4+ 22. Kh2 Qf6 23. Bxf4 Qxf4 24. Qxf4 Nxf4 25. Re4 Rxe4
26. Bxe4 f5 27. Bf3 g5 28. Re1 Kf7 29. Kg3 Kf6 30. h4 Rf7 31. d4 Re7 32.
Rxe7 Kxe7 33. hxg5 hxg5 34. c3 Kf6 35. b4 Nd5 36. b5 Nxc3 37. bxc6 bxc6 38.
a3 g4 39. Bxc6 Ne2+ 40. Kf2 Nxd4 41. Bb7 Ke5 {White forfeits on time} 0-1

[Event "ICCopen2017"]
[Site "Internet Chess Club"]
[Date "2017.03.25"]
[Round "1"]
[White "zepelin"]
[Black "iamGodskid"]
[Result "1-0"]
[ICCResult "Black checkmated"]
[WhiteElo "1842"]
[BlackElo "1323"]
[Opening "Robatsch (modern) defense"]
[ECO "B07"]
[NIC "VO.17"]
[Time "14:04:27"]
[TimeControl "180+0"]

1. e4 d6 2. d4 g6 3. Nc3 Bg7 4. Be3 Nf6 5. f3 Nc6 6. Qd2 O-O 7. O-O-O e5 8.
Nge2 Bd7 9. h4 h5 10. Kb1 Be6 11. d5 Bxd5 12. Nxd5 Nxd5 13. Qxd5 Nb4 14. Qb3
a5 15. a3 Na6 16. Nc3 c5 17. Qxb7 Qe8 18. Bxa6 Rb8 19. Qd5 Qd7 20. a4 Qa7
21. Bb5 Rxb5 22. Nxb5 Qe7 23. Qxd6 Qb7 24. Qd7 Qb8 25. Bxc5 Rc8 26. Bd6 Qa8
27. Ba3 Bf8 28. Bxf8 Rxf8 29. Qd5 Qb8 30. Qd6 Qc8 31. Qc7 Qe6 32. Rd6 Qe8
33. Rhd1 Kg7 34. Rd8 Qe6 35. Rxf8 Kxf8 36. Qd6+ Qxd6 37. Rxd6 Ke7 38. Rd5
Ke6 39. Nc7+ Ke7 40. Rxe5+ Kd6 41. Rxa5 Kxc7 42. Ra7+ Kb6 43. Rxf7 Ka5 44.
e5 Kxa4 45. e6 Kb5 46. e7 Kc6 47. e8=Q+ Kd6 48. Rd7+ Kc5 49. Qc8+ Kb6 50.
Rb7+ Ka6 51. Qa8# {Black checkmated} 1-0

[Event "ICCopen2017"]
[Site "Internet Chess Club"]
[Date "2017.03.25"]
[Round "1"]
[White "TricksOnly"]
[Black "FGM21"]
[Result "1-0"]
[ICCResult "Black forfeits on time"]
[WhiteElo "1704"]
[BlackElo "1921"]
[Opening "Four knights: Gunsberg variation"]
[ECO "C47"]
[NIC "KP.06"]
[Time "14:03:15"]
[TimeControl "180+0"]

1. e4 e5 2. Nf3 Nc6 3. Nc3 Nf6 4. a3 Be7 5. d4 exd4 6. Nxd4 O-O 7. Bf4 d5 8.
Nxc6 bxc6 9. Bd3 Bg4 10. f3 Bh5 11. Qd2 Bg6 12. O-O-O d4 13. Ne2 Rb8 14. Bc4
c5 15. g4 h5 16. gxh5 Nxh5 17. h4 Kh7 18. Rdg1 Rb6 19. Bg5 Bf6 20. Nf4 Qd6
21. Nxg6 fxg6 22. f4 Bxg5 23. hxg5 Qxf4 24. Qxf4 Rxf4 25. Bd3 Kg8 26. e5 Kf7
27. Rf1 Rb8 28. Rxf4+ Nxf4 29. Rf1 Ke6 30. Rxf4 Kxe5 31. Rf7 Kd5 32. b3 Ke5
33. Rxg7 Rf8 34. Rxg6 Rf2 35. Rc6 Rg2 36. g6 a5 37. Rxc5+ Kf4 38. Rxc7 Ke3
39. g7 a4 40. b4 Rg1+ 41. Kb2 Kd2 42. b5 Rc1 43. b6 Rg1 44. b7 Re1 45. b8=Q
Re8 46. Qxe8 {Black forfeits on time} 1-0

[Event "ICCopen2017"]
[Site "Internet Chess Club"]
[Date "2017.03.25"]
[Round "1"]
[White "motipen"]
[Black "weakfish"]
[Result "0-1"]
[ICCResult "White forfeits on time"]
[WhiteElo "1795"]
[BlackElo "1304"]
[Opening "QGD Slav: Wiesbaden variation"]
[ECO "D17"]
[NIC "SL.04"]
[Time "14:03:24"]
[TimeControl "180+0"]

1. d4 d5 2. c4 c6 3. Nf3 Nf6 4. Nc3 dxc4 5. a4 Bf5 6. Ne5 e6 7. Nxc4 Be7 8.
f3 h6 9. e4 Bh7 10. Be3 Nbd7 11. a5 Qc7 12. Be2 O-O 13. O-O b6 14. Qb3 b5
15. Nd2 a6 16. e5 Nd5 17. Nxd5 cxd5 18. Rfc1 Qb7 19. Bd3 Bxd3 20. Qxd3 Rac8
21. Nb3 Rxc1+ 22. Rxc1 Rc8 23. Qd2 Rc4 24. g4 Qc7 25. g5 Rxc1+ 26. Nxc1 hxg5
27. Bxg5 Bxg5 28. Qxg5 Qxa5 29. Kf2 Qb4 30. Qd8+ Nf8 31. Ne2 Qxb2 32. f4 b4
33. f5 exf5 34. Qxd5 b3 35. Qb7 a5 36. Qb5 Qa3 37. Nc3 b2 38. Nb1 Qa1 39.
Qd3 a4 40. d5 a3 41. Nxa3 g6 42. Kf3 Qa2 43. Kf4 Qa1 44. Nb1 Nh7
{White forfeits on time}
0-1

[Event "ICCopen2017"]
[Site "Internet Chess Club"]
[Date "2017.03.25"]
[Round "1"]
[White "RealContender"]
[Black "EksiogluB"]
[Result "1-0"]
[ICCResult "Black checkmated"]
[WhiteElo "2135"]
[BlackElo "1525"]
[Opening "QGD Slav: 3.Nf3"]
[ECO "D11"]
[NIC "SL.01"]
[Time "14:03:39"]
[TimeControl "180+0"]

1. d4 d5 2. c4 c6 3. Nf3 Bf5 4. e3 e6 5. Nbd2 a6 6. b3 h6 7. Bb2 Bd6 8. Be2
Nf6 9. O-O O-O 10. Ne5 Nbd7 11. f4 Ne4 12. Nxe4 Bxe4 13. Bd3 f5 14. Bxe4
fxe4 15. Qh5 Bxe5 16. fxe5 Qe8 17. Qg4 Qe7 18. Ba3 Rxf1+ 19. Rxf1 c5 20.
cxd5 exd5 21. e6 Nf6 22. Qg6 b6 23. Rc1 Qxe6 24. dxc5 bxc5 25. Rxc5 Qf7 26.
Qf5 Rf8 27. Rc6 Nd7 28. Qxf7+ Rxf7 29. Rxa6 Rf6 30. Rxf6 gxf6 31. Bb2 Kf7
32. Kf2 Nc5 33. Ke2 Ke6 34. Bd4 Nd3 35. Kd2 f5 36. a4 Kd6 37. Kc3 Kc6 38. b4
Nf2 39. b5+ Kb7 40. a5 Nd3 41. a6+ Ka8 42. b6 Nc1 43. Kb4 Na2+ 44. Kb5 Nc1
45. Kc6 Nd3 46. Kc7 Nb4 47. b7# {Black checkmated} 1-0

[Event "ICCopen2017"]
[Site "Internet Chess Club"]
[Date "2017.03.25"]
[Round "1"]
[White "Shafkat"]
[Black "concrete"]
[Result "0-1"]
[ICCResult "White forfeits on time"]
[WhiteElo "1498"]
[BlackElo "2075"]
[Opening "Sicilian: Taimanov (Bastrikov) variation"]
[ECO "B47"]
[NIC "SI.40"]
[Time "14:03:35"]
[TimeControl "180+0"]

1. e4 c5 2. Nf3 e6 3. d4 cxd4 4. Nxd4 Nc6 5. Nc3 Qc7 6. g3 a6 7. Bg2 Nf6 8.
O-O Nxd4 9. Qxd4 Bc5 10. Qd1 h5 11. Bg5 Ng4 12. Ne2 h4 13. Nf4 Nxh2 14. Kxh2
hxg3+ 15. Kg1 gxf2+ 16. Rxf2 f6 17. Qg4 fxg5 18. Qxg5 O-O 19. Rf1 Rxf4 20.
Bf3 Rxf3 21. Kg2 Rxf2+ 22. Rxf2 Bxf2 23. Kxf2 d6 24. c3 b5 25. Kf3 Bb7 26.
a3 Rf8+ 27. Ke3 Qc4 28. Qg3 Qxe4+ 29. Kd2 Qg2+ 30. Qxg2 Bxg2 31. Kd3 Bd5 32.
b4 g5 33. Kd4 g4 34. Ke3 g3 35. c4 Bxc4 36. Kd4 g2 37. a4 g1=Q+ 38. Kc3 Qe3+
39. Kc2 Rf2+ {White forfeits on time} 0-1

[Event "ICCopen2017"]
[Site "Internet Chess Club"]
[Date "2017.03.25"]
[Round "1"]
[White "JCT2000"]
[Black "TerryR"]
[Result "0-1"]
[ICCResult "White forfeits on time"]
[WhiteElo "1900"]
[BlackElo "1669"]
[Opening "French: MacCutcheon variation"]
[ECO "C12"]
[NIC "FR.05"]
[Time "14:03:47"]
[TimeControl "180+0"]

1. e4 e6 2. d4 d5 3. Nc3 Nf6 4. Bg5 Bb4 5. Ne2 dxe4 6. a3 Be7 7. b4 Nbd7 8.
Ng3 c6 9. Ncxe4 Nxe4 10. Bxe7 Nxf2 11. Bxd8 Nxd1 12. Bc7 Ne3 13. Kd2 Nxf1+
14. Rhxf1 O-O 15. Rae1 b6 16. Bd6 Rd8 17. Bc7 Re8 18. Ne4 Ba6 19. Rf3 Rec8
20. Bd6 h6 21. Bf4 Rd8 22. Bc7 Rdc8 23. Bd6 Bc4 24. Rg3 Bd5 25. Bf4 Bxe4 26.
Rxe4 Nf6 27. Re1 Nh5 28. Rg4 Nxf4 29. Rxf4 Rd8 30. c3 Rd7 31. Kc2 a5 32. Kb3
axb4 33. axb4 Rda7 34. Ref1 f6 35. Re4 Kf7 36. Rfe1 Re8 37. R4e3 Rae7 38.
Rg3 e5 39. dxe5 Rxe5 40. Rd1 R8e7 41. Rdd3 h5 42. h3 g5 43. Rd6 R5e6 44. Rd4
b5 45. Rf3 Kg6 46. Rd8 Rg7 47. Rc8 g4 48. hxg4 hxg4 49. Rf4 Kg5 50. Rd4 f5
51. Rcd8 f4 52. Rf8 Re2 53. Rfxf4 Rxg2 54. Rfe4 Rg6 55. Re5+ Kh4 56. Rc5 Rf2
57. c4 Rf3+ 58. Kc2 bxc4 59. Rdxc4 Rff6 {White forfeits on time} 0-1

[Event "ICCopen2017"]
[Site "Internet Chess Club"]
[Date "2017.03.25"]
[Round "1"]
[White "Jesus"]
[Black "hon"]
[Result "1-0"]
[ICCResult "Black forfeits on time"]
[WhiteElo "1836"]
[BlackElo "1276"]
[Opening "French: Tarrasch, closed variation"]
[ECO "C05"]
[NIC "FR.17"]
[Time "14:03:45"]
[TimeControl "180+0"]

1. e4 e6 2. d4 d5 3. Nd2 Nf6 4. e5 Nfd7 5. Bd3 c5 6. c3 Nc6 7. Ne2 Qb6 8.
Nf3 cxd4 9. cxd4 Bb4+ 10. Kf1 Be7 11. a3 f6 12. Nf4 Na5 13. exf6 Nxf6 14. b4
Nc6 15. Be3 O-O 16. Rc1 Kh8 17. h3 Bd7 18. b5 Na5 19. a4 Rac8 20. Ne5 Bd6
21. g3 a6 22. Rb1 axb5 23. Bxb5 Bxb5+ 24. Rxb5 Qc7 25. Nxe6 Qe7 26. Nxf8
Rxf8 27. Kg2 Nc6 28. Nxc6 bxc6 29. Rb2 Qe4+ 30. Kg1 {Black forfeits on time}
1-0

[Event "ICCopen2017"]
[Site "Internet Chess Club"]
[Date "2017.03.25"]
[Round "1"]
[White "playwaycool"]
[Black "Phaser"]
[Result "1-0"]
[ICCResult "Black checkmated"]
[WhiteElo "2261"]
[BlackElo "1594"]
[Opening "Trompowsky attack (Ruth, Opocenský opening)"]
[ECO "A45"]
[NIC "QP.07"]
[Time "14:04:22"]
[TimeControl "180+0"]

1. d4 Nf6 2. Bg5 g6 3. Bxf6 exf6 4. e3 d5 5. c4 Bb4+ 6. Nc3 O-O 7. cxd5 Nd7
8. Qb3 Qe7 9. Ne2 c5 10. dxc6 bxc6 11. a3 Ba5 12. Qc2 c5 13. d5 Ba6 14. Nf4
Bxf1 15. Kxf1 Ne5 16. h3 Rab8 17. b3 Rfc8 18. Rd1 Bc7 19. g3 c4 20. b4 Nd3
21. Nxd3 cxd3 22. Qxd3 f5 23. d6 Bxd6 24. Qxd6 Qxd6 25. Rxd6 Rxc3 26. Ra6
Rd8 27. Kg2 Rd2 28. Rf1 Rxe3 29. Rxa7 Rb3 30. Ra8+ Kg7 31. Ra6 Rbb2 32. Ra5
f4 33. gxf4 f5 34. b5 Kh6 35. a4 Kh5 36. Ra7 Kh4 37. Rxh7# {Black
checkmated} 1-0

[Event "ICCopen2017"]
[Site "Internet Chess Club"]
[Date "2017.03.25"]
[Round "1"]
[White "DBbeatME"]
[Black "ErnestoRondon"]
[Result "1-0"]
[ICCResult "Black forfeits on time"]
[WhiteElo "1353"]
[BlackElo "1823"]
[Opening "Queen's pawn game"]
[ECO "D00"]
[NIC "QP.07"]
[Time "14:03:17"]
[TimeControl "180+0"]

1. d4 Nf6 2. Nc3 d5 3. e3 e6 4. f3 a6 5. Bd2 c5 6. Qe2 Nc6 7. Qf2 cxd4 8.
exd4 Bd6 9. Nge2 O-O 10. O-O-O h6 11. h4 e5 12. dxe5 Nxe5 13. g4 Nc4 14. g5
Nxd2 15. Rxd2 Nh5 16. gxh6 g6 17. f4 Bf5 18. Nd4 Bxf4 19. Nxf5 Bxd2+ 20.
Qxd2 gxf5 21. Be2 f4 22. Bxh5 Kh7 23. Qd3+ f5 24. Rg1 Rf6 25. Ne2 Qf8 26.
Nxf4 Rxh6 27. Bd1 Rd8 28. Qf3 Qf6 29. Re1 Rd7 30. Qd3 Qxh4 31. Qd2 d4 32.
Nd3 Qf6 33. Bf3 Re7 34. Rf1 Re3 35. Bd1 f4 36. Kb1 Rh4 37. Qf2 b5 38. Ne1
Qe7 39. Nf3 Rh6 40. Be2 Rhe6 41. Bd3+ Kg8 42. Rg1+ Kf8 43. Qg2 Ke8 44. a3
Kd8 45. Qg8+ Kc7 46. Bf5 Rf6 47. Bh3 Rf8 48. Qd5 Qd6 49. Qxd6+ Kxd6 50. Nxd4
Rxh3 51. Rd1 Ke5 52. Nc6+ Kf6 53. Rd6+ Kg5 54. Ne5 f3 55. Rd1 f2 56. Rf1 Rg3
57. Nd3 Rg1 58. Rxg1+ fxg1=Q+ 59. Ka2 Qd1 60. Kb3 {Black forfeits on time}
1-0

[Event "ICCopen2017"]
[Site "Internet Chess Club"]
[Date "2017.03.25"]
[Round "1"]
[White "WhiteMoon"]
[Black "Sellect"]
[Result "1-0"]
[ICCResult "Black checkmated"]
[WhiteElo "2031"]
[BlackElo "1466"]
[Opening "Grünfeld: 5.Bg5"]
[ECO "D91"]
[NIC "GI.08"]
[Time "14:03:57"]
[TimeControl "180+0"]

1. d4 Nf6 2. Nf3 g6 3. c4 Bg7 4. Nc3 d5 5. Bg5 Ne4 6. Bh4 Nxc3 7. bxc3 c5 8.
e3 Nc6 9. Be2 dxc4 10. Bxc4 O-O 11. O-O Qd7 12. h3 b6 13. Qa4 Re8 14. Bb5
Bb7 15. dxc5 bxc5 16. Rfd1 Qc8 17. Rab1 a6 18. Be2 Bxc3 19. Qb3 Bb4 20. a3
Na5 21. Qa2 Bc3 22. Rdc1 Bg7 23. Qd2 Qc6 24. Qxa5 Rad8 25. Rb6 Qe4 26. Bxa6
Bd5 27. Bf1 Ra8 28. Qb5 Rxa3 29. Qxe8+ Bf8 30. Rb8 Kg7 31. Qxf8#
{Black checkmated}
1-0

[Event "ICCopen2017"]
[Site "Internet Chess Club"]
[Date "2017.03.25"]
[Round "1"]
[White "Tasmaniandevil"]
[Black "BillietheKid"]
[Result "1-0"]
[ICCResult "Black resigns"]
[WhiteElo "1987"]
[BlackElo "1415"]
[Opening "French: Steinitz variation"]
[ECO "C11"]
[NIC "FR.04"]
[Time "14:04:34"]
[TimeControl "180+0"]

1. e4 e6 2. d4 d5 3. Nc3 Nf6 4. e5 Nfd7 5. f4 Be7 6. Nf3 c5 7. Bd3 cxd4 8.
Nxd4 Nc6 9. Be3 Nb4 10. Be2 O-O 11. O-O Nb6 12. f5 exf5 13. Nxf5 Bxf5 14.
Rxf5 Qd7 15. Bg4 Qd8 16. a3 Nc6 17. Bxb6 Qxb6+ 18. Kh1 Qxb2 19. Nxd5 Bxa3
20. Rb1 Qd4 21. Rxb7 Qxd1+ 22. Bxd1 Nd4 23. Rf1 Bc5 24. c3 Ne6 25. Bb3 Ng5
26. Nc7 a5 27. Nxa8 {Black resigns} 1-0